Login

Warheads vs Gladiators

Created - March 10, 2024 at 11:42

Goals
1 2 3 T
Warheads 1 0 0 1
Gladiators 2 0 1 3
Shots
1 2 3 T
Warheads 13 8 8 29
Gladiators 13 15 7 35

GoalsPenalties
1st period
1. Warheads , Mitchell Marner 11 (Robert Thomas 19, Jack McBain 4) at 1:41 (PP)
2. Gladiators , Alec Martinez 3 (T.J. Oshie 12, Jake Guentzel 25) at 4:24 (PP)
3. Gladiators , Jaccob Slavin 8 (T.J. Oshie 13, Nick Schmaltz 15) at 16:30
Alex Tuch (ATH) for High sticking (Minor) at 0:36
Nicolas Roy (WAR) for Roughing (Minor) at 3:16
T.J. Oshie (ATH) for Hooking (Minor) at 12:02
2nd period
No Goal
Timothy Liljegren (WAR) for Hooking (Minor) at 5:17
Mitchell Marner (WAR) for Tripping (Minor) at 19:10
3rd period
4. Gladiators , Jaccob Slavin 9 (Geoff Copses 36, Travis Konecny 24) at 0:20 (PP)
Geoff Copses (ATH) for Goalie Interference (Minor) at 5:00
Jaccob Slavin (ATH) for Hooking (Minor) at 8:44
Lawson Crouse (WAR) for Tripping (Minor) at 8:44
Alec Martinez (ATH) for Roughing (Minor) at 12:37
Goalie Stats
Logan Thompson (WAR), 32 saves from 35 shots - (0.914), L, 22-24-5, 60:00 minutes
Jake Oettinger (ATH), 28 saves from 29 shots - (0.966), W, 33-16-3, 60:00 minutes
3 StarsOfficial
1 - Jaccob Slavin (ATH)
2 - Jake Oettinger (ATH)
3 - Ryan Suter (ATH)
Referees : Unknown
Linesman : Unknown
Game Note
No Game Note
Finance
Level 1 -- Attendance: 4700 (78.33%) -- Ticket Income $470,000
Level 2 -- Attendance: 3593 (71.86%) -- Ticket Income $215,580
Level 3 -- Attendance: 1590 (79.50%) -- Ticket Income $55,650
Level 4 -- Attendance: 3181 (79.53%) -- Ticket Income $79,525
Luxury Box -- Attendance: 1000 (100.00%) -- Ticket Income $200,000
Game was played at the Delphi Stadium.
Total Attendance: 14064 (78.13%)
Total Ticket Income: $1,020,755
Other Income: $408,302
Total Income: $1,429,057



Team Name Goals Shots Shots Attemp Shots Blocked PIM HIT PP PK FO%
Warheads 12963168261 / 4 (25%)260%
Gladiators 33573910252 / 3 (67%)140%

Warheads
Player Name POS G A P +/- PIM HIT SHT SB MP PP MP PP SHT PK MP PK SHT FO% FOT
Andrew CoppC/LW/RW000-100108:300:0000:4000% 1
Cam FowlerD0000012321:103:4711:4600% 0
Damon SeversonD000000006:010:0000:2100% 0
Ilya MikheyevLW/RW0000003016:040:0002:24050% 4
Jack McBainC/LW0110053020:413:1702:42050% 2
Jacob MiddletonD0000000518:293:1502:3100% 0
Jake WalmanD000-1010314:410:0000:0000% 0
Jeff CarterC/RW000-100107:480:0000:00092% 12
Jeremy LauzonD0000062223:483:1502:1000% 0
John MarinoD0000032121:103:4721:4600% 0
Lawson CrouseLW/RW0000241017:103:4500:0300% 1
Lucas RaymondRW0000012017:083:4500:0000% 1
Lukas ReichelLW/RW0000001115:122:2400:00050% 2
Mitchell MarnerRW101-1214026:043:1711:46057% 7
Nicolas RoyC/LW/RW0000222012:470:0000:00063% 19
Radek FaksaC/LW0000001013:170:0000:00057% 14
Robert ThomasC/RW0110003119:004:3820:59057% 28
Timothy LiljegrenD000-1221014:400:0000:0000% 0
Gladiators
Player Name POS G A P +/- PIM HIT SHT SB MP PP MP PP SHT PK MP PK SHT FO% FOT
Alec MartinezD1011213216:371:5032:1500% 0
Alex TuchLW/RW0000214016:352:2700:00043% 7
Anthony CirelliC/RW0000001010:490:0004:12050% 18
Colton SissonsC/LW/RW0001003014:280:0000:1600% 1
Evan RodriguesC/LW/RW0000002010:490:0004:12050% 2
Geoff CopsesD0110231327:302:2703:2400% 0
Jaccob SlavinD2021223122:462:2714:0000% 0
Jake GuentzelLW/RW0110015016:071:5010:0000% 2
Nick SchmaltzC/LW/RW0111010014:250:0000:00022% 23
Nico HischierC0000001013:070:0000:00033% 12
Ryan SuterD0000090020:131:5002:3200% 0
Sam ReinhartC/RW0000004016:302:2711:17056% 18
Samuel GirardD0000020215:570:0000:3300% 0
Shea TheodoreD0000012016:540:0001:2000% 0
T.J. OshieC/RW0221222017:341:5001:33075% 4
Travis KonecnyLW/RW0110021116:102:2700:00033% 3
Yanni GourdeC/RW000000206:370:0000:0000% 0
Zach HymanLW/RW0000001017:461:5002:3400% 1

Warheads

5 vs 5 Forward
Line #Left WingCenterRight WingPHYDFOFWanted %Time %Time Play
1Jack McBainRadek FaksaMitchell Marner1223028%13:17
2Lawson CrouseRobert ThomasLucas Raymond1222829%13:23
3Lukas ReichelNicolas RoyIlya Mikheyev1222626%12:14
4Andrew CoppJeff CarterMitchell Marner1221617%7:48
5 vs 5 Defense
Line #DefenseDefensePHYDFOFWanted %Time %Time Play
1Jeremy LauzonJacob Middleton1223025%11:35
2John MarinoCam Fowler1222832%14:46
3Jake WalmanTimothy Liljegren1222631%14:41
4Damon SeversonJeremy Lauzon1221612%5:40
Power Play Forward
Line #Left WingCenterRight WingPHYDFOFWanted %Time %Time Play
1Jack McBainRobert ThomasMitchell Marner1225547%3:17
2Lawson CrouseRobert ThomasLucas Raymond1224553%3:45
Power Play Defense
Line #DefenseDefensePHYDFOFWanted %Time %Time Play
1Jeremy LauzonJacob Middleton1225546%3:15
2John MarinoCam Fowler1224554%3:47
Penalty Kill 4 Players Forward
Line #CenterWingPHYDFOFWanted %Time %Time Play
1Mitchell MarnerJack McBain1225577%3:18
2Robert ThomasJack McBain1224523%0:59
Penalty Kill 4 Players Defense
Line #DefenseDefensePHYDFOFWanted %Time %Time Play
1Jeremy LauzonJacob Middleton1225559%2:31
2John MarinoCam Fowler1224541%1:46
Penalty Kill 3 Players
Line #WingPHYDFOFWanted %Time %Time PlayDefenseDefensePHYDFOFWanted %Time %Time Play
1Mitchell Marner122550%0:00 Jeremy LauzonJacob Middleton122550%0:00
2Mitchell Marner122450%0:00 John MarinoCam Fowler122450%0:00
4 vs 4 Forward
Line #CenterWingPHYDFOFWanted %Time %Time Play
1Mitchell MarnerJack McBain12255100%1:59
2Robert ThomasJack McBain122450%0:00
4 vs 4 Defense
Line #DefensePHYDFOFWanted %Time %Time Play
1Jeremy LauzonJacob Middleton1225557%55% - 1:08
2John MarinoCam Fowler1224543%45% - 0:51
Last Minutes Offensive
Left WingCenterRight WingDefenseDefense
Jack McBainRadek FaksaMitchell MarnerJeremy LauzonJacob Middleton
Last Minutes Defensive
Left WingCenterRight WingDefenseDefense
Jack McBainRadek FaksaMitchell MarnerJeremy LauzonJacob Middleton
Time
Total ForwardTotal DefenseLast Minutes OffensiveLast Minutes Defensive
60:00 60:00 0:000:00
Extra Forwards
Normal PowerPlayPenalty Kill
Lukas Reichel, Nicolas Roy, Ilya MikheyevLukas Reichel, Nicolas RoyIlya Mikheyev
Extra Defensemen
Normal PowerPlayPenalty Kill
Jake Walman, Timothy Liljegren, Damon SeversonJake Walman, Timothy LiljegrenDamon Severson
Penalty Shots
Mitchell Marner, Lukas Reichel, Robert Thomas, Jack McBain, Lucas Raymond
Goalie
Logan Thompson, Adin Hill
Custom OT Lines Forwards
Mitchell Marner, Radek Faksa, Robert Thomas, Jack McBain, Lucas Raymond, Lawson Crouse, Lukas Reichel, Nicolas Roy, Ilya Mikheyev, Jeff Carter
Custom OT Lines Defensemen
Jeremy Lauzon, Jacob Middleton, John Marino, Cam Fowler, Jake Walman
Scratches
Brock Knuckledunker (Healthy), Jordan Greenway (Healthy)

Gladiators

5 vs 5 Forward
Line #Left WingCenterRight WingPHYDFOFWanted %Time %Time Play
1Alex TuchSam ReinhartZach Hyman1223027%12:46
2Travis KonecnyNico HischierJake Guentzel1222828%13:07
3Colton SissonsNick SchmaltzT.J. Oshie1222630%14:12
4Evan RodriguesAnthony CirelliYanni Gourde1221614%6:37
5 vs 5 Defense
Line #DefenseDefensePHYDFOFWanted %Time %Time Play
1Geoff CopsesSamuel Girard1223033%15:24
2Alec MartinezJaccob Slavin1222824%11:10
3Shea TheodoreRyan Suter1222632%14:58
4Geoff CopsesJaccob Slavin1221611%5:10
Power Play Forward
Line #Left WingCenterRight WingPHYDFOFWanted %Time %Time Play
1Alex TuchSam ReinhartTravis Konecny1225557%2:27
2Jake GuentzelT.J. OshieZach Hyman1224543%1:50
Power Play Defense
Line #DefenseDefensePHYDFOFWanted %Time %Time Play
1Geoff CopsesJaccob Slavin1225557%2:27
2Alec MartinezRyan Suter1224543%1:50
Penalty Kill 4 Players Forward
Line #CenterWingPHYDFOFWanted %Time %Time Play
1Anthony CirelliEvan Rodrigues1225565%4:34
2T.J. OshieZach Hyman1224535%2:28
Penalty Kill 4 Players Defense
Line #DefenseDefensePHYDFOFWanted %Time %Time Play
1Geoff CopsesJaccob Slavin1225552%3:40
2Alec MartinezRyan Suter1224548%3:22
Penalty Kill 3 Players
Line #WingPHYDFOFWanted %Time %Time PlayDefenseDefensePHYDFOFWanted %Time %Time Play
1Colton Sissons122550%0:00 Geoff CopsesJaccob Slavin122550%0:00
2Evan Rodrigues122450%0:00 Geoff CopsesRyan Suter122450%0:00
4 vs 4 Forward
Line #CenterWingPHYDFOFWanted %Time %Time Play
1Alex TuchJake Guentzel1225570%1:23
2Travis KonecnyZach Hyman1224530%0:36
4 vs 4 Defense
Line #DefensePHYDFOFWanted %Time %Time Play
1Geoff CopsesJaccob Slavin1225555%55% - 1:06
2Alec MartinezRyan Suter1224545%45% - 0:53
Last Minutes Offensive
Left WingCenterRight WingDefenseDefense
Zach HymanSam ReinhartJake GuentzelGeoff CopsesShea Theodore
Last Minutes Defensive
Left WingCenterRight WingDefenseDefense
Evan RodriguesAnthony CirelliT.J. OshieGeoff CopsesJaccob Slavin
Time
Total ForwardTotal DefenseLast Minutes OffensiveLast Minutes Defensive
60:00 60:00 0:000:00
Extra Forwards
Normal PowerPlayPenalty Kill
Nick Schmaltz, Anthony Cirelli, T.J. OshieNick Schmaltz, Colton SissonsT.J. Oshie
Extra Defensemen
Normal PowerPlayPenalty Kill
Geoff Copses, Jaccob Slavin, Alec MartinezGeoff Copses, Geoff CopsesAlec Martinez
Penalty Shots
Alex Tuch, Jake Guentzel, Travis Konecny, Zach Hyman, Sam Reinhart
Goalie
Jake Oettinger, Ville Husso
Custom OT Lines Forwards
Alex Tuch, Jake Guentzel, Travis Konecny, Zach Hyman, Sam Reinhart, Evan Rodrigues, Nick Schmaltz, Colton Sissons, T.J. Oshie, Anthony Cirelli
Custom OT Lines Defensemen
Geoff Copses, Jaccob Slavin, Shea Theodore, Ryan Suter, Alec Martinez
Scratches
Josh Manson (Strained Right Elbow Injury), J.T. Compher (Healthy)


Play-by-Play

1st period


0:01 of 1st period - Sam Reinhart wins face-off versus Radek Faksa in neutral zone.
0:11 of 1st period - Sam Reinhart is hit by Jeremy Lauzon and loses puck.
0:35 of 1st period - Shot by Sam Reinhart.
0:35 of 1st period - Stopped by Logan Thompson with a rebound.
0:36 of 1st period - Minor Penalty to Alex Tuch for High sticking.
0:37 of 1st period - Anthony Cirelli wins face-off versus Robert Thomas in Gladiators zone.
0:39 of 1st period - Ryan Suter is hit by Lawson Crouse and loses puck.
0:51 of 1st period - Lawson Crouse is hit by Ryan Suter and loses puck.
0:58 of 1st period - Shot by Robert Thomas.
0:58 of 1st period - Shot Misses the Net.
1:00 of 1st period - Shot by John Marino.
1:00 of 1st period - Shot Misses the Net.
1:02 of 1st period - Shot by John Marino.
1:02 of 1st period - Shot Misses the Net.
1:04 of 1st period - Shot by John Marino.
1:04 of 1st period - Stopped by Jake Oettinger without a rebound.
1:05 of 1st period - Robert Thomas wins face-off versus T.J. Oshie in Gladiators zone.
1:08 of 1st period - Shot by Mitchell Marner.
1:08 of 1st period - Deflect By Robert Thomas.
1:08 of 1st period - Stopped by Jake Oettinger without a rebound.
1:09 of 1st period - T.J. Oshie wins face-off versus Robert Thomas in Gladiators zone.
1:29 of 1st period - Shot by Mitchell Marner.
1:29 of 1st period - Shot Misses the Net.
1:41 of 1st period - Shot by Robert Thomas.
1:41 of 1st period - Deflect By Mitchell Marner.
1:41 of 1st period - Goal by Mitchell Marner - Warheads : 1 - Gladiators : 0.
1:42 of 1st period - Nico Hischier wins face-off versus Nicolas Roy in neutral zone.
1:57 of 1st period - Shot by Shea Theodore.
1:57 of 1st period - Stopped by Logan Thompson without a rebound.
1:58 of 1st period - Anthony Cirelli wins face-off versus Jeff Carter in Warheads zone.
2:37 of 1st period - Icing by Yanni Gourde.
2:38 of 1st period - Robert Thomas wins face-off versus Anthony Cirelli in Gladiators zone.
3:02 of 1st period - Off-side.
3:03 of 1st period - Nicolas Roy wins face-off versus Nick Schmaltz in neutral zone.
3:08 of 1st period - Colton Sissons is hit by Nicolas Roy and loses puck.
3:15 of 1st period - Colton Sissons is hit by Nicolas Roy and loses puck.
3:16 of 1st period - Minor Penalty to Nicolas Roy for Roughing.
3:17 of 1st period - Mitchell Marner wins face-off versus Sam Reinhart in Warheads zone.
3:31 of 1st period - Sam Reinhart is hit by Jeremy Lauzon and loses puck.
3:39 of 1st period - Travis Konecny is hit by Jeremy Lauzon and loses puck.
4:22 of 1st period - Shot by T.J. Oshie.
4:22 of 1st period - Shot Blocked by Robert Thomas.
4:24 of 1st period - Shot by Alec Martinez.
4:24 of 1st period - Goal by Alec Martinez - Warheads : 1 - Gladiators : 1.
4:25 of 1st period - Anthony Cirelli wins face-off versus Robert Thomas in neutral zone.
4:27 of 1st period - Off-side.
4:28 of 1st period - Nick Schmaltz wins face-off versus Nicolas Roy in neutral zone.
4:31 of 1st period - Ilya Mikheyev is hit by T.J. Oshie and loses puck.
4:40 of 1st period - Shot by T.J. Oshie.
4:40 of 1st period - Shot Blocked by Jake Walman.
4:42 of 1st period - Shot by Shea Theodore.
4:42 of 1st period - Stopped by Logan Thompson without a rebound.
4:43 of 1st period - Nico Hischier wins face-off versus Robert Thomas in Warheads zone.
4:43 of 1st period - Geoff Copses is hit by John Marino and loses puck.
5:06 of 1st period - Shot by Lawson Crouse.
5:06 of 1st period - Shot Misses the Net.
5:08 of 1st period - Shot by Cam Fowler.
5:08 of 1st period - Stopped by Jake Oettinger with a rebound.
5:10 of 1st period - Shot by Robert Thomas.
5:10 of 1st period - Shot Misses the Net.
5:14 of 1st period - Shot by Robert Thomas.
5:14 of 1st period - Stopped by Jake Oettinger without a rebound.
5:15 of 1st period - Radek Faksa wins face-off versus Sam Reinhart in Gladiators zone.
5:18 of 1st period - Shot by Mitchell Marner.
5:18 of 1st period - Stopped by Jake Oettinger with a rebound.
5:24 of 1st period - Jeremy Lauzon is hit by Alex Tuch.
5:54 of 1st period - Ryan Suter is hit by Jack McBain and loses puck.
6:11 of 1st period - Shot by T.J. Oshie.
6:11 of 1st period - Shot Misses the Net.
6:13 of 1st period - Shot by Colton Sissons.
6:13 of 1st period - Shot Blocked by Jacob Middleton.
6:15 of 1st period - Shot by Geoff Copses.
6:15 of 1st period - Stopped by Logan Thompson without a rebound.
6:16 of 1st period - Nicolas Roy wins face-off versus Nico Hischier in Warheads zone.
6:18 of 1st period - Jake Walman is hit by Travis Konecny and loses puck.
6:35 of 1st period - Shot by Ilya Mikheyev.
6:35 of 1st period - Stopped by Jake Oettinger without a rebound.
6:36 of 1st period - Nick Schmaltz wins face-off versus Robert Thomas in Gladiators zone.
6:36 of 1st period - Nick Schmaltz is hit by Lawson Crouse.
6:41 of 1st period - Alec Martinez is hit by Cam Fowler and loses puck.
6:56 of 1st period - Shot by T.J. Oshie.
6:56 of 1st period - Stopped by Logan Thompson without a rebound.
6:57 of 1st period - Nico Hischier wins face-off versus Nicolas Roy in Warheads zone.
6:57 of 1st period - Travis Konecny is hit by Jake Walman and loses puck.
7:58 of 1st period - Shot by Lucas Raymond.
7:58 of 1st period - Shot Misses the Net.
8:00 of 1st period - Shot by Lawson Crouse.
8:00 of 1st period - Deflect By Lucas Raymond.
8:00 of 1st period - Stopped by Jake Oettinger without a rebound.
8:01 of 1st period - Radek Faksa wins face-off versus Nick Schmaltz in Gladiators zone.
8:16 of 1st period - Shot by Colton Sissons.
8:16 of 1st period - Stopped by Logan Thompson without a rebound.
8:17 of 1st period - Sam Reinhart wins face-off versus Lucas Raymond in Warheads zone.
8:31 of 1st period - Off-side.
8:32 of 1st period - Jeff Carter wins face-off versus Colton Sissons in neutral zone.
8:52 of 1st period - Icing by Jaccob Slavin.
8:53 of 1st period - Robert Thomas wins face-off versus Nick Schmaltz in Gladiators zone.
9:19 of 1st period - Shot by Lucas Raymond.
9:19 of 1st period - Deflect By Lawson Crouse.
9:19 of 1st period - Shot Blocked by Alec Martinez.
9:21 of 1st period - Shot by Lawson Crouse.
9:21 of 1st period - Shot Misses the Net.
9:23 of 1st period - Shot by Robert Thomas.
9:23 of 1st period - Shot Misses the Net.
9:29 of 1st period - Shot by Lucas Raymond.
9:29 of 1st period - Stopped by Jake Oettinger without a rebound.
9:30 of 1st period - Radek Faksa wins face-off versus Sam Reinhart in Gladiators zone.
9:34 of 1st period - Mitchell Marner is hit by Ryan Suter and loses puck.
9:46 of 1st period - Damon Severson is hit by Ryan Suter and loses puck.
9:56 of 1st period - Jack McBain is hit by Ryan Suter.
10:55 of 1st period - Shot by Jake Guentzel.
10:55 of 1st period - Shot Misses the Net.
10:57 of 1st period - Shot by Geoff Copses.
10:57 of 1st period - Shot Misses the Net.
10:59 of 1st period - Shot by Samuel Girard.
10:59 of 1st period - Shot Misses the Net.
11:01 of 1st period - Shot by Travis Konecny.
11:01 of 1st period - Shot Misses the Net.
11:08 of 1st period - Icing by Jake Walman.
11:09 of 1st period - Nick Schmaltz wins face-off versus Nicolas Roy in Warheads zone.
11:17 of 1st period - Off-side.
11:18 of 1st period - Robert Thomas wins face-off versus Anthony Cirelli in neutral zone.
11:23 of 1st period - Off-side.
11:24 of 1st period - Sam Reinhart wins face-off versus Robert Thomas in neutral zone.
11:29 of 1st period - Shot by Zach Hyman.
11:29 of 1st period - Deflect By Sam Reinhart.
11:29 of 1st period - Stopped by Logan Thompson without a rebound.
11:30 of 1st period - Jeff Carter wins face-off versus Sam Reinhart in Warheads zone.
11:57 of 1st period - Icing by Andrew Copp.
11:58 of 1st period - Jeff Carter wins face-off versus Nick Schmaltz in Warheads zone.
12:00 of 1st period - Icing by Mitchell Marner.
12:01 of 1st period - Jeff Carter wins face-off versus Nick Schmaltz in Warheads zone.
12:01 of 1st period - Cam Fowler is hit by T.J. Oshie.
12:02 of 1st period - Minor Penalty to T.J. Oshie for Hooking.
12:03 of 1st period - Anthony Cirelli wins face-off versus Robert Thomas in Gladiators zone.
13:48 of 1st period - Off-side.
13:49 of 1st period - Sam Reinhart wins face-off versus Robert Thomas in neutral zone.
14:17 of 1st period - Icing by Jake Walman.
14:18 of 1st period - Nicolas Roy wins face-off versus Zach Hyman in Warheads zone.
14:34 of 1st period - Lukas Reichel is hit by Ryan Suter and loses puck.
14:41 of 1st period - Shot by Nicolas Roy.
14:41 of 1st period - Shot Hit the Post.
14:43 of 1st period - Shot by Nicolas Roy.
14:43 of 1st period - Stopped by Jake Oettinger with a rebound.
14:45 of 1st period - Shot by Nicolas Roy.
14:45 of 1st period - Shot Misses the Net.
14:57 of 1st period - Ryan Suter is hit by Mitchell Marner and loses puck.
15:02 of 1st period - Shot by Mitchell Marner.
15:02 of 1st period - Stopped by Jake Oettinger without a rebound.
15:03 of 1st period - Robert Thomas wins face-off versus Nico Hischier in Gladiators zone.
15:54 of 1st period - Shot by Jack McBain.
15:54 of 1st period - Stopped by Jake Oettinger with a rebound.
15:56 of 1st period - Shot by Radek Faksa.
15:56 of 1st period - Shot Misses the Net.
15:58 of 1st period - Shot by Mitchell Marner.
15:58 of 1st period - Shot Blocked by Geoff Copses.
16:00 of 1st period - Shot by Jack McBain.
16:00 of 1st period - Shot Blocked by Travis Konecny.
16:02 of 1st period - Shot by Jeremy Lauzon.
16:02 of 1st period - Stopped by Jake Oettinger without a rebound.
16:03 of 1st period - Jeff Carter wins face-off versus Nick Schmaltz in Gladiators zone.
16:03 of 1st period - Jeff Carter is hit by Alec Martinez.
16:28 of 1st period - Shot by T.J. Oshie.
16:28 of 1st period - Stopped by Logan Thompson with a rebound.
16:30 of 1st period - Shot by Jaccob Slavin.
16:30 of 1st period - Goal by Jaccob Slavin - Warheads : 1 - Gladiators : 2.
16:31 of 1st period - Anthony Cirelli wins face-off versus Nicolas Roy in neutral zone.
16:39 of 1st period - Icing by Ryan Suter.
16:40 of 1st period - Anthony Cirelli wins face-off versus Lawson Crouse in Gladiators zone.
16:47 of 1st period - Shot by Evan Rodrigues.
16:47 of 1st period - Stopped by Logan Thompson without a rebound.
16:48 of 1st period - Radek Faksa wins face-off versus Sam Reinhart in Warheads zone.
16:52 of 1st period - Icing by Mitchell Marner.
16:53 of 1st period - Sam Reinhart wins face-off versus Radek Faksa in Warheads zone.
16:53 of 1st period - Zach Hyman is hit by Jeremy Lauzon and loses puck.
16:59 of 1st period - Icing by Jacob Middleton.
17:00 of 1st period - Radek Faksa wins face-off versus Nick Schmaltz in Warheads zone.
17:00 of 1st period - Radek Faksa is hit by Nick Schmaltz.
17:11 of 1st period - Mitchell Marner is hit by Geoff Copses and loses puck.
17:17 of 1st period - Mitchell Marner is hit by Jaccob Slavin.
17:33 of 1st period - Shot by Radek Faksa.
17:33 of 1st period - Deflect By Mitchell Marner.
17:33 of 1st period - Shot Misses the Net.
18:09 of 1st period - Alex Tuch is hit by Lawson Crouse and loses puck.
18:19 of 1st period - Robert Thomas is hit by Ryan Suter and loses puck.
18:31 of 1st period - Shot by Alex Tuch.
18:31 of 1st period - Stopped by Logan Thompson with a rebound.
18:36 of 1st period - Sam Reinhart is hit by John Marino and loses puck.
19:03 of 1st period - Shot by Anthony Cirelli.
19:03 of 1st period - Stopped by Logan Thompson without a rebound.
19:04 of 1st period - Jeff Carter wins face-off versus Nico Hischier in Warheads zone.
19:04 of 1st period - Jeff Carter is hit by Jake Guentzel.
Goals for this period are 1 for Warheads vs 2 for Gladiators.
Shots for this period are 13 for Warheads vs 13 for Gladiators.

2nd period


0:01 of 2nd period - Jack McBain wins face-off versus Anthony Cirelli in neutral zone.
0:04 of 2nd period - Shot by Radek Faksa.
0:04 of 2nd period - Stopped by Jake Oettinger without a rebound.
0:05 of 2nd period - Sam Reinhart wins face-off versus Radek Faksa in Gladiators zone.
0:05 of 2nd period - Sam Reinhart is hit by Jack McBain.
0:23 of 2nd period - Sam Reinhart is hit by Jeremy Lauzon and loses puck.
0:28 of 2nd period - Shot by Sam Reinhart.
0:28 of 2nd period - Stopped by Logan Thompson with a rebound.
0:30 of 2nd period - Shot by Jaccob Slavin.
0:30 of 2nd period - Shot Blocked by Jeremy Lauzon.
0:39 of 2nd period - Zach Hyman is hit by Jeremy Lauzon and loses puck.
1:11 of 2nd period - Shot by Lukas Reichel.
1:11 of 2nd period - Stopped by Jake Oettinger without a rebound.
1:12 of 2nd period - Robert Thomas wins face-off versus Anthony Cirelli in Gladiators zone.
1:35 of 2nd period - Shot by Lucas Raymond.
1:35 of 2nd period - Deflect By Lawson Crouse.
1:35 of 2nd period - Stopped by Jake Oettinger without a rebound.
1:36 of 2nd period - Nicolas Roy wins face-off versus Nick Schmaltz in Gladiators zone.
1:45 of 2nd period - Shot by Timothy Liljegren.
1:45 of 2nd period - Stopped by Jake Oettinger without a rebound.
1:46 of 2nd period - Jeff Carter wins face-off versus Nico Hischier in Gladiators zone.
2:54 of 2nd period - Off-side.
2:55 of 2nd period - Robert Thomas wins face-off versus Anthony Cirelli in neutral zone.
3:28 of 2nd period - Shot by Yanni Gourde.
3:28 of 2nd period - Stopped by Logan Thompson without a rebound.
3:29 of 2nd period - Nick Schmaltz wins face-off versus Lukas Reichel in Warheads zone.
3:44 of 2nd period - Shot by Nick Schmaltz.
3:44 of 2nd period - Shot Blocked by Lukas Reichel.
3:46 of 2nd period - Shot by Colton Sissons.
3:46 of 2nd period - Stopped by Logan Thompson without a rebound.
3:47 of 2nd period - Sam Reinhart wins face-off versus Radek Faksa in Warheads zone.
4:19 of 2nd period - Mitchell Marner is hit by Ryan Suter and loses puck.
4:39 of 2nd period - Icing by Jeremy Lauzon.
4:40 of 2nd period - Nick Schmaltz wins face-off versus Radek Faksa in Warheads zone.
4:44 of 2nd period - Icing by Jeremy Lauzon.
4:45 of 2nd period - Radek Faksa wins face-off versus Nick Schmaltz in Warheads zone.
5:05 of 2nd period - Nick Schmaltz is hit by Timothy Liljegren and loses puck.
5:17 of 2nd period - Minor Penalty to Timothy Liljegren for Hooking.
5:18 of 2nd period - Sam Reinhart wins face-off versus Mitchell Marner in Warheads zone.
5:52 of 2nd period - Shot by Sam Reinhart.
5:52 of 2nd period - Shot Blocked by Jeremy Lauzon.
5:54 of 2nd period - Shot by Alec Martinez.
5:54 of 2nd period - Stopped by Logan Thompson with a rebound.
5:56 of 2nd period - Shot by Alec Martinez.
5:56 of 2nd period - Stopped by Logan Thompson with a rebound.
5:58 of 2nd period - Shot by Alec Martinez.
5:58 of 2nd period - Shot Blocked by Jacob Middleton.
7:09 of 2nd period - Shot by Ryan Suter.
7:09 of 2nd period - Shot Misses the Net.
7:11 of 2nd period - Shot by Ryan Suter.
7:11 of 2nd period - Deflect By Alex Tuch.
7:11 of 2nd period - Shot Blocked by Jacob Middleton.
7:13 of 2nd period - Shot by Ryan Suter.
7:13 of 2nd period - Shot Blocked by Jacob Middleton.
7:15 of 2nd period - Shot by Sam Reinhart.
7:15 of 2nd period - Shot Misses the Net.
7:17 of 2nd period - Shot by Alex Tuch.
7:17 of 2nd period - Deflect By Evan Rodrigues.
7:17 of 2nd period - Stopped by Logan Thompson without a rebound.
7:18 of 2nd period - Anthony Cirelli wins face-off versus Robert Thomas in Warheads zone.
7:39 of 2nd period - Shot by Yanni Gourde.
7:39 of 2nd period - Stopped by Logan Thompson with a rebound.
7:48 of 2nd period - Shot by Yanni Gourde.
7:48 of 2nd period - Shot Misses the Net.
8:03 of 2nd period - Icing by Jake Walman.
8:04 of 2nd period - Robert Thomas wins face-off versus Jake Guentzel in Warheads zone.
8:35 of 2nd period - Shot by Ilya Mikheyev.
8:35 of 2nd period - Shot Blocked by Jaccob Slavin.
8:37 of 2nd period - Shot by Nicolas Roy.
8:37 of 2nd period - Deflect By Ilya Mikheyev.
8:37 of 2nd period - Stopped by Jake Oettinger without a rebound.
8:38 of 2nd period - Radek Faksa wins face-off versus Sam Reinhart in Gladiators zone.
8:49 of 2nd period - Shot by Jack McBain.
8:49 of 2nd period - Stopped by Jake Oettinger without a rebound.
8:50 of 2nd period - Jeff Carter wins face-off versus Nick Schmaltz in Gladiators zone.
9:07 of 2nd period - Icing by Colton Sissons.
9:08 of 2nd period - Nicolas Roy wins face-off versus Nick Schmaltz in Gladiators zone.
9:37 of 2nd period - Shot by Ilya Mikheyev.
9:37 of 2nd period - Deflect By Nicolas Roy.
9:37 of 2nd period - Shot Misses the Net.
9:39 of 2nd period - Shot by Jacob Middleton.
9:39 of 2nd period - Shot Blocked by Samuel Girard.
9:41 of 2nd period - Shot by Nicolas Roy.
9:41 of 2nd period - Shot Misses the Net.
9:43 of 2nd period - Shot by Ilya Mikheyev.
9:43 of 2nd period - Shot Misses the Net.
10:26 of 2nd period - Nico Hischier is hit by John Marino and loses puck.
10:43 of 2nd period - Shot by Jake Guentzel.
10:43 of 2nd period - Deflect By Nico Hischier.
10:43 of 2nd period - Stopped by Logan Thompson without a rebound.
10:44 of 2nd period - Robert Thomas wins face-off versus Alex Tuch in Warheads zone.
11:24 of 2nd period - Shot by Sam Reinhart.
11:24 of 2nd period - Shot Blocked by Jake Walman.
11:38 of 2nd period - Alec Martinez is hit by Lawson Crouse and loses puck.
12:09 of 2nd period - Shot by Nicolas Roy.
12:09 of 2nd period - Shot Blocked by Alec Martinez.
13:44 of 2nd period - Shot by Zach Hyman.
13:44 of 2nd period - Deflect By Sam Reinhart.
13:44 of 2nd period - Shot Misses the Net.
14:02 of 2nd period - Shot by Sam Reinhart.
14:02 of 2nd period - Shot Misses the Net.
14:04 of 2nd period - Shot by Alex Tuch.
14:04 of 2nd period - Stopped by Logan Thompson with a rebound.
14:06 of 2nd period - Shot by Alex Tuch.
14:06 of 2nd period - Shot Misses the Net.
14:08 of 2nd period - Shot by Ryan Suter.
14:08 of 2nd period - Shot Misses the Net.
14:34 of 2nd period - Shot by Nick Schmaltz.
14:34 of 2nd period - Shot Misses the Net.
14:38 of 2nd period - Shot by T.J. Oshie.
14:38 of 2nd period - Deflect By Nick Schmaltz.
14:38 of 2nd period - Shot Misses the Net.
14:40 of 2nd period - Shot by Colton Sissons.
14:40 of 2nd period - Stopped by Logan Thompson without a rebound.
14:41 of 2nd period - Nico Hischier wins face-off versus Robert Thomas in Warheads zone.
14:44 of 2nd period - Shot by Travis Konecny.
14:44 of 2nd period - Deflect By Jake Guentzel.
14:44 of 2nd period - Stopped by Logan Thompson without a rebound.
14:45 of 2nd period - Travis Konecny wins face-off versus Robert Thomas in Warheads zone.
14:50 of 2nd period - Shot by Jake Guentzel.
14:50 of 2nd period - Stopped by Logan Thompson without a rebound.
14:51 of 2nd period - Robert Thomas wins face-off versus Jake Guentzel in Warheads zone.
16:03 of 2nd period - Shot by Sam Reinhart.
16:03 of 2nd period - Shot Hit the Post.
16:09 of 2nd period - Shot by Jeff Carter.
16:09 of 2nd period - Stopped by Jake Oettinger without a rebound.
16:10 of 2nd period - Nicolas Roy wins face-off versus Nick Schmaltz in Gladiators zone.
16:11 of 2nd period - Shot by Andrew Copp.
16:11 of 2nd period - Stopped by Jake Oettinger without a rebound.
16:12 of 2nd period - Nicolas Roy wins face-off versus Nick Schmaltz in Gladiators zone.
16:50 of 2nd period - Shot by T.J. Oshie.
16:50 of 2nd period - Deflect By Nick Schmaltz.
16:50 of 2nd period - Shot Blocked by John Marino.
17:40 of 2nd period - Shot by Sam Reinhart.
17:40 of 2nd period - Shot Blocked by Jake Walman.
18:23 of 2nd period - Shot by Lucas Raymond.
18:23 of 2nd period - Shot Blocked by Samuel Girard.
18:37 of 2nd period - Shot by Jake Guentzel.
18:37 of 2nd period - Stopped by Logan Thompson without a rebound.
18:38 of 2nd period - Nicolas Roy wins face-off versus Anthony Cirelli in Warheads zone.
18:52 of 2nd period - Off-side.
18:53 of 2nd period - Jeff Carter wins face-off versus Nico Hischier in neutral zone.
19:10 of 2nd period - Minor Penalty to Mitchell Marner for Tripping.
19:11 of 2nd period - Alex Tuch wins face-off versus Ilya Mikheyev in Warheads zone.
19:22 of 2nd period - Shot by Sam Reinhart.
19:22 of 2nd period - Stopped by Logan Thompson without a rebound.
19:23 of 2nd period - T.J. Oshie wins face-off versus Andrew Copp in Warheads zone.
19:26 of 2nd period - Shot by Jake Guentzel.
19:26 of 2nd period - Stopped by Logan Thompson without a rebound.
19:27 of 2nd period - T.J. Oshie wins face-off versus Ilya Mikheyev in Warheads zone.
19:28 of 2nd period - Shot by Zach Hyman.
19:28 of 2nd period - Shot Misses the Net.
19:30 of 2nd period - Shot by Zach Hyman.
19:30 of 2nd period - Deflect By T.J. Oshie.
19:30 of 2nd period - Shot Misses the Net.
Goals for this period are 0 for Warheads vs 0 for Gladiators.
Shots for this period are 8 for Warheads vs 15 for Gladiators.

3rd period


0:01 of 3rd period - Ilya Mikheyev wins face-off versus Sam Reinhart in neutral zone.
0:18 of 3rd period - Shot by Geoff Copses.
0:18 of 3rd period - Shot Blocked by Jacob Middleton.
0:20 of 3rd period - Shot by Jaccob Slavin.
0:20 of 3rd period - Goal by Jaccob Slavin - Warheads : 1 - Gladiators : 3.
0:21 of 3rd period - Robert Thomas wins face-off versus Nick Schmaltz in neutral zone.
0:44 of 3rd period - Icing by Colton Sissons.
0:45 of 3rd period - Radek Faksa wins face-off versus Nick Schmaltz in Gladiators zone.
1:07 of 3rd period - Colton Sissons is hit by Jack McBain and loses puck.
1:59 of 3rd period - Shot by Nicolas Roy.
1:59 of 3rd period - Shot Misses the Net.
2:01 of 3rd period - Shot by Nicolas Roy.
2:01 of 3rd period - Shot Hit the Post.
2:44 of 3rd period - Shot by Lucas Raymond.
2:44 of 3rd period - Shot Misses the Net.
3:22 of 3rd period - Shot by Jeremy Lauzon.
3:22 of 3rd period - Stopped by Jake Oettinger with a rebound.
3:24 of 3rd period - Shot by Mitchell Marner.
3:24 of 3rd period - Stopped by Jake Oettinger without a rebound.
3:25 of 3rd period - Anthony Cirelli wins face-off versus Radek Faksa in Gladiators zone.
3:25 of 3rd period - Shea Theodore is hit by Jack McBain and loses puck.
4:34 of 3rd period - Icing by Colton Sissons.
4:35 of 3rd period - Ilya Mikheyev wins face-off versus Nick Schmaltz in Gladiators zone.
4:35 of 3rd period - Ilya Mikheyev is hit by Geoff Copses.
4:40 of 3rd period - Lukas Reichel is hit by Geoff Copses and loses puck.
5:00 of 3rd period - Minor Penalty to Geoff Copses for Goalie Interference.
5:01 of 3rd period - Anthony Cirelli wins face-off versus Robert Thomas in Gladiators zone.
5:07 of 3rd period - Icing by Cam Fowler.
5:08 of 3rd period - Robert Thomas wins face-off versus Anthony Cirelli in Warheads zone.
6:21 of 3rd period - Shot by Jacob Middleton.
6:21 of 3rd period - Shot Misses the Net.
7:01 of 3rd period - Shot by Lucas Raymond.
7:01 of 3rd period - Shot Blocked by Geoff Copses.
7:04 of 3rd period - Icing by Samuel Girard.
7:05 of 3rd period - Nicolas Roy wins face-off versus Nico Hischier in Gladiators zone.
7:05 of 3rd period - Nicolas Roy is hit by Samuel Girard.
7:09 of 3rd period - Shot by Nicolas Roy.
7:09 of 3rd period - Stopped by Jake Oettinger without a rebound.
7:10 of 3rd period - Jeff Carter wins face-off versus Nico Hischier in Gladiators zone.
7:13 of 3rd period - Shot by Andrew Copp.
7:13 of 3rd period - Shot Hit the Post.
7:27 of 3rd period - Nico Hischier is hit by Timothy Liljegren and loses puck.
7:32 of 3rd period - Shot by Travis Konecny.
7:32 of 3rd period - Stopped by Logan Thompson without a rebound.
7:33 of 3rd period - Sam Reinhart wins face-off versus Nicolas Roy in Warheads zone.
7:38 of 3rd period - Shot by Alex Tuch.
7:38 of 3rd period - Stopped by Logan Thompson without a rebound.
7:39 of 3rd period - Sam Reinhart wins face-off versus Nicolas Roy in Warheads zone.
7:48 of 3rd period - Shot by Alex Tuch.
7:48 of 3rd period - Shot Misses the Net.
7:50 of 3rd period - Shot by Jaccob Slavin.
7:50 of 3rd period - Stopped by Logan Thompson without a rebound.
7:51 of 3rd period - Robert Thomas wins face-off versus Nico Hischier in Warheads zone.
7:56 of 3rd period - Shot by Lucas Raymond.
7:56 of 3rd period - Shot Blocked by Geoff Copses.
8:17 of 3rd period - Shot by Travis Konecny.
8:17 of 3rd period - Shot Blocked by Cam Fowler.
8:27 of 3rd period - Shot by Nico Hischier.
8:27 of 3rd period - Shot Misses the Net.
8:29 of 3rd period - Shot by Geoff Copses.
8:29 of 3rd period - Shot Misses the Net.
8:33 of 3rd period - Shot by Jake Guentzel.
8:33 of 3rd period - Shot Hit the Post.
8:35 of 3rd period - Shot by Nico Hischier.
8:35 of 3rd period - Deflect By Jake Guentzel.
8:35 of 3rd period - Shot Blocked by Cam Fowler.
8:44 of 3rd period - Minor Penalty to Jaccob Slavin for Hooking.
8:44 of 3rd period - Minor Penalty to Lawson Crouse for Tripping.
8:45 of 3rd period - Mitchell Marner wins face-off versus Alex Tuch in Gladiators zone.
9:11 of 3rd period - Shot by Jack McBain.
9:11 of 3rd period - Shot Misses the Net.
9:40 of 3rd period - Icing by John Marino.
9:41 of 3rd period - Lukas Reichel wins face-off versus Travis Konecny in Warheads zone.
9:41 of 3rd period - Lukas Reichel is hit by Travis Konecny.
10:03 of 3rd period - Shot by Zach Hyman.
10:03 of 3rd period - Stopped by Logan Thompson without a rebound.
10:04 of 3rd period - Mitchell Marner wins face-off versus Travis Konecny in Warheads zone.
10:13 of 3rd period - Shot by Mitchell Marner.
10:13 of 3rd period - Deflect By Jack McBain.
10:13 of 3rd period - Stopped by Jake Oettinger without a rebound.
10:14 of 3rd period - Alex Tuch wins face-off versus Mitchell Marner in Gladiators zone.
10:26 of 3rd period - Shot by Alex Tuch.
10:26 of 3rd period - Stopped by Logan Thompson without a rebound.
10:27 of 3rd period - Mitchell Marner wins face-off versus Alex Tuch in Warheads zone.
10:33 of 3rd period - Off-side.
10:34 of 3rd period - Alex Tuch wins face-off versus Mitchell Marner in neutral zone.
11:05 of 3rd period - Ilya Mikheyev is hit by Shea Theodore and loses puck.
11:12 of 3rd period - Shot by Nicolas Roy.
11:12 of 3rd period - Shot Misses the Net.
11:14 of 3rd period - Shot by Ilya Mikheyev.
11:14 of 3rd period - Stopped by Jake Oettinger with a rebound.
11:19 of 3rd period - Ilya Mikheyev is hit by Ryan Suter and loses puck.
11:39 of 3rd period - Shot by Lawson Crouse.
11:39 of 3rd period - Shot Misses the Net.
12:06 of 3rd period - Lawson Crouse is hit by Ryan Suter and loses puck.
12:29 of 3rd period - Alex Tuch is hit by Jack McBain and loses puck.
12:37 of 3rd period - Minor Penalty to Alec Martinez for Roughing.
12:38 of 3rd period - Robert Thomas wins face-off versus Anthony Cirelli in Gladiators zone.
12:43 of 3rd period - Shot by Robert Thomas.
12:43 of 3rd period - Stopped by Jake Oettinger without a rebound.
12:44 of 3rd period - Robert Thomas wins face-off versus Anthony Cirelli in Gladiators zone.
12:45 of 3rd period - Shot by Cam Fowler.
12:45 of 3rd period - Stopped by Jake Oettinger without a rebound.
12:46 of 3rd period - Robert Thomas wins face-off versus Evan Rodrigues in Gladiators zone.
12:46 of 3rd period - Mitchell Marner is hit by Jaccob Slavin and loses puck.
12:49 of 3rd period - Shot by John Marino.
12:49 of 3rd period - Stopped by Jake Oettinger with a rebound.
12:51 of 3rd period - Shot by Cam Fowler.
12:51 of 3rd period - Shot Misses the Net.
14:32 of 3rd period - Icing by Mitchell Marner.
14:33 of 3rd period - Evan Rodrigues wins face-off versus Jack McBain in Warheads zone.
15:00 of 3rd period - Shot by Nico Hischier.
15:00 of 3rd period - Shot Misses the Net.
15:02 of 3rd period - Shot by Jake Guentzel.
15:02 of 3rd period - Stopped by Logan Thompson without a rebound.
15:03 of 3rd period - Nicolas Roy wins face-off versus Alex Tuch in Warheads zone.
16:35 of 3rd period - Nico Hischier is hit by Lucas Raymond and loses puck.
17:35 of 3rd period - Off-side.
17:36 of 3rd period - Nicolas Roy wins face-off versus Nick Schmaltz in neutral zone.
17:46 of 3rd period - Shot by Colton Sissons.
17:46 of 3rd period - Shot Blocked by Cam Fowler.
18:52 of 3rd period - Radek Faksa is hit by Samuel Girard and loses puck.
19:06 of 3rd period - Icing by Geoff Copses.
19:07 of 3rd period - Jeff Carter wins face-off versus Nick Schmaltz in Gladiators zone.
19:50 of 3rd period - Off-side.
19:51 of 3rd period - Nicolas Roy wins face-off versus Sam Reinhart in neutral zone.
Goals for this period are 0 for Warheads vs 1 for Gladiators.
Shots for this period are 8 for Warheads vs 7 for Gladiators.